[Event "Early-Titled-Tuesday-Blitz-February-27-2024"]
[Site "Chess.com"]
[Date "2024.02.27"]
[Round "1"]
[White "AndreyOstrovskiy"]
[Black "falzehope0"]
[Result "1-0"]
[WhiteElo "2654"]
[BlackElo "2352"]
[TimeControl "180+1"]
[EndTime "8:07:07 PST"]
[Termination "AndreyOstrovskiy won by resignation"]

1. e4 d5 2. exd5 Nf6 3. d4 Qxd5 4. Nc3 Qd6 5. g3 a6 6. Bg2 Nc6 7. d5 Ne5 8. Bf4 Bf5 9. Nf3 Nxf3+ 10. Qxf3 Qb4 11.
O-O-O Bg4 12. Qe3 Bxd1 13. Rxd1 Qb6 14. Qe2 O-O-O 15. Be3 Qa5 16. Rd4 b5 17. a3 e5 18.
dxe6 Rxd4 19. Bxd4 b4 20. e7 Bxe7 21. Qxe7 bxc3 22.
Bxc3 Qb6 23. Qxf7 Rg8 24. Bxf6 Qxf6 25. Qxg8+ Kd7 26. Qd5+ Kc8 27. f4 g6 28. Qe5 Qxe5 29.
fxe5 Kd7 30. Bd5 Ke7 31. b4 g5 32. Kd2 h6 33. Ke3 Kd7 34. Ke4 Ke7 35. Kf5 Kf8 36. Kf6 Ke8 37. Bc6+ Kf8 38. e6 Kg8 39. e7 Kh7 40. Be4+ 1-0

[Event "Early-Titled-Tuesday-Blitz-February-27-2024"]
[Site "Chess.com"]
[Date "2024.02.27"]
[Round "1"]
[White "mary-sanna"]
[Black "LeninGuerra"]
[Result "0-1"]
[WhiteElo "2163"]
[BlackElo "2573"]
[TimeControl "180+1"]
[EndTime "8:07:07 PST"]
[Termination "LeninGuerra won on time"]

1. d4 Nf6 2. c4 c5 3. d5 b5 4. Qc2 d6 5. e4 bxc4 6. Bxc4 g6 7. Nf3 Bg7 8. O-O O-O 9. Nc3 Nbd7 10. b3 a5 11. Bb2 Ba6 12. Bxa6 Rxa6 13. Na4 Nb6 14.
Nxb6 Qxb6 15. Nd2 a4 16. Nc4 Qa7 17. Rfe1 Ra8 18. Rad1 axb3 19. axb3 Ra2 20. Qc3 Ne8 21. e5 dxe5 22. Nxe5 Nd6 23. Qc1 Qb7 24. Rd3 Qb5 25. Rf3 Nf5 26. g4 Nd6 27. h4 c4 28.
Bd4 Qxd5 29. Qf4 cxb3 30. h5 R2a4 31. Nxf7 Nxf7 32. Rxe7 Rxd4 33. Qxf7+ Qxf7 34. Rfxf7 Bf8 35. Rb7 Rxg4+ 36. Kf1 gxh5 37. Ke2 Rg7 0-1

[Event "Early-Titled-Tuesday-Blitz-February-27-2024"]
[Site "Chess.com"]
[Date "2024.02.27"]
[Round "1"]
[White "WindWhistler11"]
[Black "Lukianoo"]
[Result "0-1"]
[WhiteElo "2476"]
[BlackElo "2845"]
[TimeControl "180+1"]
[EndTime "8:07:08 PST"]
[Termination "Lukianoo won by resignation"]

1. Nf3 Nf6 2. g3 b5 3. Bg2 Bb7 4. Nc3 b4 5. Na4 e6 6. d4 d5 7. Ne5 Nbd7 8. Nd3 Bd6 9. O-O O-O 10. Bd2 Qe7 11. a3 bxa3 12. bxa3 Ba6 13. Ndc5 Nxc5 14. dxc5 Be5 15. Rb1 c6 16. Nb2 Rfb8 17. Bb4 Bxb2 18.
Rxb2 Bc4 19. Qd2 a5 20. Bc3 Rxb2 21. Bxb2 Nd7 22. Bd4 e5 23. Ba1 Nxc5 24. Qe3 Nd7 25. Bh3 f6 26. Rb1 Nf8 27. f4 Re8 28. fxe5 fxe5 29.
Rb6 d4 30. Qe4 Bd5 31. Qd3 Ne6 32. c4 dxc3 33. Bxc3 Qc5+ 34. e3 Qxb6 35. Bxe5 Ng5 36. Qf5 Nxh3+ 0-1

[Event "Early-Titled-Tuesday-Blitz-February-27-2024"]
[Site "Chess.com"]
[Date "2024.02.27"]
[Round "1"]
[White "Sammed_Shete"]
[Black "ural58"]
[Result "1-0"]
[WhiteElo "2792"]
[BlackElo "2450"]
[TimeControl "180+1"]
[EndTime "8:07:09 PST"]
[Termination "Sammed_Shete won by resignation"]

1. e4 d5 2. exd5 Qxd5 3. Nc3 Qa5 4. Bc4 Nf6 5. d4 Bg4 6. f3 Be6 7. Bxe6 fxe6 8. Bd2 Nc6 9. Nge2 O-O-O 10. Ne4 Qb6 11. c3 e5 12. d5 Rxd5 13. Qc2 Nxe4 14. fxe4 Rd6 15. Rf1 Rf6 16. O-O-O e6 17. Ng3 Bc5 18.
Nh5 Rg6 19. Be1 Be3+ 20. Kb1 Na5 21. Rf7 Nc4 22. Qe2 Nxb2 23. Qxb2 Qxb2+ 24. Kxb2 Rxg2+ 25. Kb3 g6 26. Nf6 Rxh2 27. Ng4 Re2 28. Nxe3 Rxe3 29.
Bh4 Rxe4 30. Bg5 a5 31. a4 Kb8 32. Rdd7 Rc8 33. Rxh7 Rg4 34. Bd8 b5 35. Bxc7+ Ka8 36. axb5 a4+ 37. Ka3 Rc4 38. Bxe5 1-0

[Event "Early-Titled-Tuesday-Blitz-February-27-2024"]
[Site "Chess.com"]
[Date "2024.02.27"]
[Round "1"]
[White "Kotlyar_K"]
[Black "Better_Chess_Faster"]
[Result "1-0"]
[WhiteElo "2569"]
[BlackElo "2130"]
[TimeControl "180+1"]
[EndTime "8:07:09 PST"]
[Termination "Kotlyar_K won by resignation"]

1. d4 f5 2. c4 Nf6 3. g3 e6 4.
Bg2 d5 5. Nh3 Bd6 6. Qc2 O-O 7.
O-O Nbd7 8. Bf4 Bxf4 9. Nxf4 Qe7 10. cxd5 exd5 11. Qxc7 Ne4 12. Nc3 Qb4 13. Nfxd5 Qxd4 14. Rad1 Qe5 15. Qxe5 Nxe5 16. Nxe4 fxe4 17. Bxe4 Bh3 18. Rfe1 Rad8 19. Nf4 Bg4 20. Bxb7 Kh8 21. Bg2 h6 22. Rd5 Rxd5 23. Bxd5 g5 24. Nd3 Nxd3 25. exd3 Rd8 26. Bc4 Bf5 27. Kg2 Kg7 28. Re7+ Kf6 29. Rxa7 Bxd3 30.
Ra6+ Ke5 31. Bxd3 Rxd3 32. Rxh6 Rd2 33. Rb6 Kf5 34. a4 Rd4 35. b3 Rd2 36. Rb8 Ra2 37. Rb5+ Kf6 38. a5 Rb2 39. b4 Ra2 40. Rb6+ Kf5 41.
a6 Ra4 42. b5 Rb4 43. Rb7 Ra4 44. a7 1-0

[Event "Early-Titled-Tuesday-Blitz-February-27-2024"]
[Site "Chess.com"]
[Date "2024.02.27"]
[Round "1"]
[White "KononenkoD"]
[Black "MarijaKuznecova"]
[Result "0-1"]
[WhiteElo "2619"]
[BlackElo "2331"]
[TimeControl "180+1"]
[EndTime "8:07:10 PST"]
[Termination "MarijaKuznecova won by checkmate"]

1. e4 c5 2. Nf3 d6 3. d4 cxd4 4.
Nxd4 Nf6 5. Nc3 a6 6. Bc4 e6 7.
Bb3 Be7 8. g4 h6 9. h4 Nc6 10. Rg1 Nh7 11. h5 Bg5 12. Nf3 Bxc1 13. Qxc1 b5 14. Qd2 b4 15. Ne2 Nf6 16. Qe3 a5 17. O-O-O a4 18. Bc4 Qc7 19. Kb1 Na5 20. Bb5+ Bd7 21. Bxd7+ Nxd7 22. g5 Nc4 23. Qd4 Nde5 24.
Nxe5 dxe5 25. Qd3 Ke7 26. gxh6 gxh6 27. Qh3 a3 28. Qh4+ Ke8 29. Qf6 Rf8 30. b3 Nb6 31.
Rd2 Rc8 32. Rgd1 Rg8 33. Qxh6 Qc6 34. Qf6 Nd7 35. Rxd7 Qxc2+ 36. Ka1 Qb2# 0-1

[Event "Early-Titled-Tuesday-Blitz-February-27-2024"]
[Site "Chess.com"]
[Date "2024.02.27"]
[Round "1"]
[White "salomez"]
[Black "PabloZarnicki"]
[Result "0-1"]
[WhiteElo "2310"]
[BlackElo "2632"]
[TimeControl "180+1"]
[EndTime "8:07:10 PST"]
[Termination "PabloZarnicki won on time"]

1. g3 Nf6 2. Bg2 d5 3. d4 c6 4. Nf3 Bf5 5. O-O e6 6. c4 h6 7. b3 Be7 8. Bb2 O-O 9. Nbd2 a5 10. a3 Ne4 11. Ne5 Nxd2 12. Qxd2 Nd7 13. Nxd7 Qxd7 14. Rfe1 a4 15. e4 Bxe4 16. Bxe4 dxe4 17. Rxe4 axb3 18. Qc3 Ra4 19. Qxb3 Rfa8 20. Rg4 Bf6 21. h3 h5 22. Rf4 Bg5 23. Re4 Bf6 24. Rd1 b5 25. cxb5 cxb5 26. d5 Rxe4 27. Bxf6 gxf6 28. Qf3 Raa4 29. Qxf6 exd5 30.
Qg5+ Kf8 31. Rxd5 Re1+ 32. Kh2 Qc6 0-1

[Event "Early-Titled-Tuesday-Blitz-February-27-2024"]
[Site "Chess.com"]
[Date "2024.02.27"]
[Round "1"]
[White "BogdanDeac"]
[Black "biostatistician"]
[Result "0-1"]
[WhiteElo "2992"]
[BlackElo "2542"]
[TimeControl "180+1"]
[EndTime "8:07:11 PST"]
[Termination "biostatistician won by resignation"]

1. b3 d5 2. Bb2 Bg4 3. Nf3 c5 4. g3 Nc6 5. Bg2 f6 6. d4 cxd4 7. Nxd4 e5 8. Nxc6 bxc6 9. O-O Bc5 10. c4 Ne7 11. cxd5 cxd5 12. Nc3 Be6 13. Rc1 Rc8 14.
e3 O-O 15. Qd3 Qd7 16. Rfd1 Rfd8 17. Na4 Bd6 18. Bc3 Ba3 19. Ra1 Bf5 20. Qd2 Qb5 21.
h3 Rd7 22. g4 Be6 23. Bb2 Bb4 24. Qd3 Qxd3 25. Rxd3 Rc2 26. a3 Bd6 27. Rc3 Rc7 28.
Rxc7 Bxc7 29. Rc1 Rxc1+ 30. Bxc1 Kf7 31. Nc5 Bc8 32. b4 Bd6 33. Nb3 Bd7 34. Bb2 Ba4 35.
Nc1 Ke6 36. Ne2 Nc6 37. Nf4+ exf4 38. e4 Bb3 39. Bf3 Ne5 40. exd5+ Bxd5 41. Be2 Bc4 42.
Bd1 Nd3 43. Bd4 a6 44. Bf3 Be5 45. Bb6 Bb2 46. Be4 g6 47. h4 Bxa3 48. h5 Bxb4 49. hxg6 hxg6 50. Bxg6 a5 51. Bf5+ Kf7 52. Bd7 Bb3 53.
Bb5 Nc5 0-1

[Event "Early-Titled-Tuesday-Blitz-February-27-2024"]
[Site "Chess.com"]
[Date "2024.02.27"]
[Round "1"]
[White "BardArtem"]
[Black "Der_Balak_3Halak"]
[Result "1-0"]
[WhiteElo "2765"]
[BlackElo "2437"]
[TimeControl "180+1"]
[EndTime "8:07:11 PST"]
[Termination "BardArtem won by checkmate"]

1. e4 e6 2. d4 d5 3. Nc3 dxe4 4.
Nxe4 Nd7 5. g3 Ngf6 6. Nxf6+ Nxf6 7. Bg2 c5 8. Nf3 Be7 9. O-O cxd4 10. Qxd4 O-O 11. Rd1 Qa5 12. Bd2 Qf5 13. Rac1 Bc5 14. Qh4 Ne4 15. Be1 g5 16. Qh5 g4 17. Qxf5 exf5 18.
Nd2 Re8 19. Nxe4 fxe4 20. Rd5 Bb6 21. Rg5+ Kf8 22. Bb4+ Re7 23. Bxe4 h6 24. Re5 Be6 25. Bxb7 Rd8 26. Bxe7+ Kxe7 27. c4 Rd2 28. Rf1 Kf6 29. Re4 Kf5 30. Rf4+ Kg5 31. Bd5 Bxd5 32. cxd5 Rxd5 33.
Rxf7 Rd2 34. Kg2 h5 35. Re1 h4 36. gxh4+ Kxh4 37. Re5 g3 38. hxg3+ Kg4 39. Rf4# 1-0

[Event "Early-Titled-Tuesday-Blitz-February-27-2024"]
[Site "Chess.com"]
[Date "2024.02.27"]
[Round "1"]
[White "LiadCuba"]
[Black "kids2010"]
[Result "0-1"]
[WhiteElo "2506"]
[BlackElo "2906"]
[TimeControl "180+1"]
[EndTime "8:07:12 PST"]
[Termination "kids2010 won on time"]

1. d4 Nf6 2. c4 e6 3. Nc3 d5 4. Nf3 c6 5. Bg5 h6 6. Bf4 dxc4 7.
e4 b5 8. Qc2 Bb7 9. Rd1 Nbd7 10. Be2 Be7 11. O-O O-O 12. h3 a6 13. Rfe1 Rc8 14.
Bh2 Qa5 15. a3 Qb6 16. Bf1 c5 17. d5 exd5 18. e5 Nh7 19. Nxd5 Bxd5 20. Rxd5 Qe6 21. Red1 Nb6 22. Rd6 Bxd6 23. Rxd6 Qe7 24. Rxb6 Ng5 25. Nxg5 Qxg5 26. Rxa6 Rfd8 27. f4 Qh4 28. e6 fxe6 29.
Rxe6 Re8 30. Qg6 Rf8 31. a4 c3 32. bxc3 b4 33. Bg3 Qd8 34. Bc4 Kh8 35. f5 Rf6 36.
Qg4 bxc3 37. Be5 c2 0-1

[Event "Early-Titled-Tuesday-Blitz-February-27-2024"]
[Site "Chess.com"]
[Date "2024.02.27"]
[Round "1"]
[White "Kezin_Roman"]
[Black "SARGISMV"]
[Result "1-0"]
[WhiteElo "2782"]
[BlackElo "2446"]
[TimeControl "180+1"]
[EndTime "8:07:13 PST"]
[Termination "Kezin_Roman won on time"]

1. b3 Nf6 2. Bb2 d5 3. e3 c5 4.
Nf3 a6 5. d4 Nc6 6. Nbd2 Bf5 7.
Rc1 e6 8. c4 cxd4 9. exd4 Be7 10. Be2 O-O 11. O-O Rc8 12. Ne5 dxc4 13. Ndxc4 Nd5 14.
Bf3 b5 15. Ne3 Nxe5 16. Bxd5 Rxc1 17. Bxc1 exd5 18. Nxf5 Nc6 19. Bf4 Bf6 20. Qd2 g6 21. Rc1 Qd7 22. Nh6+ Kg7 23. Ng4 Qxg4 24. Bh6+ Kg8 25.
Rxc6 Bg7 26. Bxg7 Kxg7 27. h3 Qe4 28. Rxa6 Rc8 29. Qe3 Qb1+ 30. Kh2 Rc1 31. Qf3 Rh1+ 32. Kg3 Rd1 33. Qf6+ Kh6 34. Qf4+ Kg7 35. Rf6 Qd3+ 36. Kh2 Qxd4 37. Rxf7+ Kg8 38. Rf8+ Kg7 39. Rf7+ Kg8 40. Qc7 1-0

[Event "Early-Titled-Tuesday-Blitz-February-27-2024"]
[Site "Chess.com"]
[Date "2024.02.27"]
[Round "1"]
[White "MergenKakabaev"]
[Black "BallottiLuca"]
[Result "1-0"]
[WhiteElo "2745"]
[BlackElo "2422"]
[TimeControl "180+1"]
[EndTime "8:07:13 PST"]
[Termination "MergenKakabaev won on time"]

1. e4 c5 2. Nf3 e6 3. d4 cxd4 4. Nxd4 a6 5. Bd3 Bc5 6. Nb3 Be7 7. O-O d6 8. Be3 Nf6 9. c4 Nbd7 10. Nc3 Qc7 11.
Rc1 b6 12. f3 Bb7 13. Qd2 O-O 14. Rfd1 Rac8 15. Bf1 Qb8 16. Qf2 Bd8 17. Nd4 Bc7 18.
g3 Rfe8 19. Nde2 Qa8 20. Nf4 Ne5 21. b3 Kh8 22. Bg2 Nfd7 23. h4 Bc6 24. a4 Nc5 25.
Qc2 b5 26. axb5 axb5 27. cxb5 Bb7 28. b4 Ncd7 29. Qa4 Nc4 30. Bf2 Ndb6 31. Qxa8 Rxa8 32. Ra1 Rxa1 33. Rxa1 Ra8 34. Rxa8+ Bxa8 35. Bf1 Kg8 36. Na4 Nxa4 37. Bxc4 Bb6 38. Bb3 Bxf2+ 39. Kxf2 Nb6 40. Ke3 Kf8 41. Nd3 Ke7 42. Nb2 d5 43. e5 f6 44. f4 fxe5 45. fxe5 Bb7 46. Kd4 Nd7 47. Nd3 Kd8 48. Nc5 Nxc5 49. bxc5 Kc7 50. c6 1-0

[Event "Early-Titled-Tuesday-Blitz-February-27-2024"]
[Site "Chess.com"]
[Date "2024.02.27"]
[Round "1"]
[White "ArchibaldCerveza29"]
[Black "Nuvas"]
[Result "1-0"]
[WhiteElo "2463"]
[BlackElo "2768"]
[TimeControl "180+1"]
[EndTime "8:07:15 PST"]
[Termination "ArchibaldCerveza29 won by resignation"]

1. e4 e5 2. Nf3 Nc6 3. Bc4 Nf6 4. O-O Nxe4 5. Nc3 Nxc3 6. dxc3 Be7 7. Qd5 O-O 8. Nxe5 Nxe5 9. Qxe5 Bf6 10. Qg3 d5 11. Bd3 Be6 12. Bf4 c6 13. Rfe1 Re8 14. Re2 Qb6 15.
b3 Bd7 16. Rae1 Rxe2 17. Rxe2 g6 18. c4 Qd4 19. Re1 Re8 20. Rxe8+ Bxe8 21. Qe3 Qxe3 22. Bxe3 d4 23. Bf4 Kf8 24. Bd6+ Be7 25. Be5 c5 26. Be4 b6 27. Bb8 Bd8 28. Bxa7 Bc7 29. a4 f5 30. Bd5 Bf7 31. a5 Bxd5 32. cxd5 bxa5 33. Bxc5+ Kf7 34. Bxd4 Ke7 35. c4 g5 36. g3 g4 37. Kf1 h5 38.
Ke2 Kd7 39. c5 h4 40. Bf6 h3 41. Ke3 Bb8 42. Bd4 Bc7 43. Bc3 Bd8 44. Kf4 Be7 45. Bd4 1-0

[Event "Early-Titled-Tuesday-Blitz-February-27-2024"]
[Site "Chess.com"]
[Date "2024.02.27"]
[Round "1"]
[White "KarolKacprzak"]
[Black "esrosenberg"]
[Result "1-0"]
[WhiteElo "2728"]
[BlackElo "2414"]
[TimeControl "180+1"]
[EndTime "8:07:15 PST"]
[Termination "KarolKacprzak won by resignation"]

1. d4 d5 2. Nf3 Bf5 3. c4 e6 4.
Nc3 Nf6 5. cxd5 exd5 6. Qb3 Nc6 7. Bg5 Na5 8. Qa4+ c6 9. Bxf6 gxf6 10. e3 Qb6 11. O-O-O O-O-O 12. Bd3 Be6 13. Kb1 h5 14. Nh4 Rg8 15. g3 Nc4 16. Bxc4 dxc4 17. Qc2 Rg5 18. f4 Ra5 19. Rd2 Bb4 20. Rhd1 Bg4 21. Re1 Re8 22. e4 f5 23. e5 Kb8 24. Rc1 Rd8 25. Ka1 Rxd4 26. Rxd4 Qxd4 27. Nxf5 Bxf5 28. Qxf5 Bxc3 29. Rxc3 Qg1+ 30. Qb1 Qxh2 31. a3 h4 32. gxh4 Qxf4 33. h5 Rxe5 34. Rh3 Qh6 35. Qh1 c3 36. Rxc3 Rxh5 37.
Qg2 Rh1+ 38. Ka2 Qe6+ 39. Rb3 Rh3 40. Qxh3 1-0

[Event "Early-Titled-Tuesday-Blitz-February-27-2024"]
[Site "Chess.com"]
[Date "2024.02.27"]
[Round "1"]
[White "JaloliddinIlkhomi"]
[Black "semchik73"]
[Result "1-0"]
[WhiteElo "2753"]
[BlackElo "2427"]
[TimeControl "180+1"]
[EndTime "8:07:16 PST"]
[Termination "JaloliddinIlkhomi won by checkmate"]

1. Nf3 d5 2. d4 Nf6 3. Bf4 c5 4. e3 e6 5. c3 Bd6 6. Bg3 Nc6 7. Nbd2 O-O 8. Bd3 b6 9. Ne5 Qc7 10. f4 g6 11. Bh4 Be7 12. O-O Bb7 13. Qf3 Ne4 14.
Nxe4 dxe4 15. Bxe4 Nxd4 16. exd4 Bxe4 17. Qxe4 Bxh4 18.
f5 Be7 19. f6 Bd6 20. Qf4 Rfd8 21. Rad1 cxd4 22. cxd4 h5 23. Qg5 Bxe5 24. dxe5 Qc5+ 25. Kh1 Rac8 26. h3 a5 27. a4 Qb4 28. b3 Rxd1 29.
Rxd1 Qf8 30. Kh2 Qc5 31. Re1 Kh7 32. Re4 Qf2 33. Rh4 Rc2 34. Rxh5+ gxh5 35. Qg7# 1-0

[Event "Early-Titled-Tuesday-Blitz-February-27-2024"]
[Site "Chess.com"]
[Date "2024.02.27"]
[Round "1"]
[White "AniJak"]
[Black "malakismayil"]
[Result "0-1"]
[WhiteElo "2374"]
[BlackElo "2674"]
[TimeControl "180+1"]
[EndTime "8:07:16 PST"]
[Termination "malakismayil won by resignation"]

1. e4 e5 2. Nc3 Nc6 3. g3 Bc5 4. Bg2 Nf6 5. Nge2 O-O 6. d3 h6 7. O-O d6 8. h3 Be6 9. Kh2 d5 10. f4 dxe4 11. dxe4 Qxd1 12. Rxd1 Rad8 13. Nd5 Nxd5 14.
exd5 Ne7 15. c4 c6 16. fxe5 cxd5 17. Bf4 dxc4 18. Nc3 b6 19. Ne4 Bd4 20. Rab1 Ng6 21.
Nd6 Bxe5 22. Bxe5 Nxe5 23. Nb5 a5 24. Nc7 Bf5 25. Rbc1 Bd3 26. Nd5 Rd6 27. b3 b5 28.
Nc3 Rb8 29. Re1 Ng6 30. h4 b4 31. Ne4 Bxe4 32. Bxe4 c3 33. h5 Ne5 34. Bf5 Nf3+ 35. Kg2 Nxe1+ 36. Rxe1 Rbd8 37. Kh3 Rd5 38. g4 R5d6 39.
Re7 Rc6 40. Re2 Kf8 41. g5 hxg5 42. Kg4 Rd2 43. Re5 c2 44. Rxa5 c1=Q 0-1

[Event "Early-Titled-Tuesday-Blitz-February-27-2024"]
[Site "Chess.com"]
[Date "2024.02.27"]
[Round "1"]
[White "1977Ivan"]
[Black "MIss_MIaMI"]
[Result "1-0"]
[WhiteElo "2730"]
[BlackElo "2417"]
[TimeControl "180+1"]
[EndTime "8:07:19 PST"]
[Termination "1977Ivan won by checkmate"]

1. d4 c5 2. d5 g6 3. e4 Bg7 4. Nc3 a6 5. f4 b5 6. Nf3 d6 7. a4 b4 8. Nb1 Bg4 9. h3 Bxf3 10. Qxf3 Nd7 11. a5 Ngf6 12. Bc4 O-O 13. O-O Ne8 14. Nd2 Nc7 15. Qe2 Qb8 16. Nf3 Nb5 17. Kh1 Nf6 18. Kh2 Rd8 19. Ra2 Ne8 20. Bd2 Qb7 21. Qd3 Nd4 22. Ng5 h6 23. Nf3 Nxf3+ 24. Rxf3 Nc7 25. c3 bxc3 26. bxc3 Nb5 27. Ra1 Rdb8 28. h4 h5 29. e5 dxe5 30. f5 Nd6 31.
Re1 e4 32. Rxe4 Nxe4 33. Qxe4 Qc7+ 34. Bf4 Qxa5 35. fxg6 Rb7 36. d6 e6 37. Qxb7 Rf8 38. gxf7+ Rxf7 39. Bxe6 Qd8 40. Qxf7+ Kh8 41. Qxh5+ Bh6 42.
Qxh6# 1-0

[Event "Early-Titled-Tuesday-Blitz-February-27-2024"]
[Site "Chess.com"]
[Date "2024.02.27"]
[Round "1"]
[White "rhungaski"]
[Black "janhelmer03"]
[Result "0-1"]
[WhiteElo "2607"]
[BlackElo "2313"]
[TimeControl "180+1"]
[EndTime "8:07:19 PST"]
[Termination "janhelmer03 won on time"]

1. e4 c5 2. Nf3 d6 3. d4 cxd4 4. Nxd4 Nf6 5. Nc3 g6 6. Be3 Bg7 7. Be2 O-O 8. Qd2 Nc6 9. O-O-O Nxd4 10. Bxd4 Be6 11. Kb1 Qa5 12. a3 Rfc8 13. h4 h6 14.
f3 Nd7 15. Bxg7 Kxg7 16. f4 Nf6 17. Bf3 Rab8 18. h5 b5 19. hxg6 b4 20. f5 h5 21. Rxh5 Nxh5 22. Qg5 f6 23. Qxh5 Rh8 24. fxe6 Rxh5 25. axb4 Qxb4 26. b3 Qxc3 27. Bxh5 a5 28. Rd3 Qe1+ 29. Kb2 a4 30. Bf3 a3+ 31. Ka2 Qc1 0-1

[Event "Early-Titled-Tuesday-Blitz-February-27-2024"]
[Site "Chess.com"]
[Date "2024.02.27"]
[Round "1"]
[White "Viktor_Poddubnyi"]
[Black "SlavenPastar"]
[Result "0-1"]
[WhiteElo "2233"]
[BlackElo "2604"]
[TimeControl "180+1"]
[EndTime "8:07:19 PST"]
[Termination "SlavenPastar won by resignation"]

1. e4 b6 2. c4 Bb7 3. Nc3 e6 4.
d3 c5 5. g3 Nc6 6. Bg2 d6 7.
Nge2 g6 8. O-O Bg7 9. Be3 Nge7 10. Qd2 Nd4 11. Bxd4 cxd4 12. Nb5 e5 13. f4 a6 14. Na3 f5 15. fxe5 dxe5 16. Nc2 O-O 17. Nb4 fxe4 18. Bxe4 Bxe4 19. dxe4 b5 20. cxb5 axb5 21. Nd3 Nc8 22. Rxf8+ Qxf8 23. Nec1 Qf3 24. Qe2 Qxe2 25. Nxe2 Nd6 26.
Nf2 Bh6 27. Ng4 Bg7 28. Nf2 b4 29. Nc1 Nc4 30. Ncd3 Kf7 31. Nxb4 Nxb2 32. Nbd3 Na4 33. Rb1 Ra7 34. Rb5 Nc3 35. Nxe5+ Ke6 36. Rc5 Bf8 37.
Rc4 Kxe5 0-1

[Event "Early-Titled-Tuesday-Blitz-February-27-2024"]
[Site "Chess.com"]
[Date "2024.02.27"]
[Round "1"]
[White "Rurep26"]
[Black "the_blue_pill"]
[Result "1-0"]
[WhiteElo "2702"]
[BlackElo "2398"]
[TimeControl "180+1"]
[EndTime "8:07:20 PST"]
[Termination "Rurep26 won by resignation"]

1. d4 d5 2. Bf4 e6 3. e3 c5 4. Nd2 Nc6 5. c3 Bd6 6. Bg3 Nge7 7. Bd3 O-O 8. Ngf3 cxd4 9. exd4 f6 10. O-O Bxg3 11. hxg3 e5 12. Bb5 e4 13. Ne1 f5 14.
Nc2 Be6 15. f4 a6 16. Be2 Qd7 17. Nb3 b6 18. Ne3 h6 19. Kf2 Nc8 20. c4 N6e7 21.
Rc1 dxc4 22. Bxc4 Bxc4 23. Nxc4 Nd5 24. Ne5 Qa4 25. Qc2 Nd6 26. Qc6 Qxc6 27. Rxc6 e3+ 28. Kf3 Ne4 29. Rfc1 a5 30. a4 Rfd8 31. Nc4 Re8 32.
Re1 Rad8 33. Nxe3 Nxe3 34. Rxe3 Nf6 35. Re5 Ng4 36. Rxf5 g6 37. Rxg6+ Kh7 38. Rxg4 1-0

[Event "Early-Titled-Tuesday-Blitz-February-27-2024"]
[Site "Chess.com"]
[Date "2024.02.27"]
[Round "1"]
[White "Christ_is_alive"]
[Black "Mikhail_Golubev"]
[Result "0-1"]
[WhiteElo "2283"]
[BlackElo "2618"]
[TimeControl "180+1"]
[EndTime "8:07:20 PST"]
[Termination "Mikhail_Golubev won on time"]

1. e4 c5 2. Nf3 d6 3. d4 Nf6 4. Nc3 cxd4 5. Nxd4 g6 6. f4 Nc6 7.
Nxc6 bxc6 8. e5 Nd7 9. exd6 exd6 10. Be3 Be7 11. Be2 O-O 12. O-O Nf6 13. Bf3 d5 14.
Na4 Bf5 15. Nc5 Nd7 16. Nxd7 Bxd7 17. c4 dxc4 18. Rc1 Bf5 19. Rxc4 Qa5 20. Qa4 Qxa4 21. Rxa4 a5 22. Bxc6 Rac8 23. Be4 Bxe4 24. Rxe4 Bf6 25. b3 Rfd8 26. Kf2 Rc2+ 27. Kf3 Rxa2 28. Ra4 Rxa4 29.
bxa4 Rb8 30. Bd2 Rb3+ 31. Ke4 Ra3 32. Rc1 Rxa4+ 33. Kf3 Ra3+ 34. Ke2 Ra2 35. Kd3 a4 36. Rc2 Ra3+ 37. Ke4 Kg7 38. Rc6 Rb3 0-1

[Event "Early-Titled-Tuesday-Blitz-February-27-2024"]
[Site "Chess.com"]
[Date "2024.02.27"]
[Round "1"]
[White "Sajith_Peiris"]
[Black "MKlose11"]
[Result "0-1"]
[WhiteElo "2260"]
[BlackElo "2608"]
[TimeControl "180+1"]
[EndTime "8:07:20 PST"]
[Termination "MKlose11 won on time"]

1. e4 e6 2. d4 d5 3. Nd2 Be7 4. c3 c5 5. Ngf3 Nc6 6. Bb5 cxd4 7. cxd4 Qb6 8. Bxc6+ bxc6 9. O-O Nf6 10. e5 Nd7 11.
Nb3 O-O 12. Be3 a5 13. Rb1 a4 14. Nbd2 c5 15. Re1 Ba6 16. Nf1 cxd4 17. Bxd4 Bc5 18. Ng3 Bxd4 19. Nxd4 Nc5 20. Qd2 Bd3 21. Rbc1 Bg6 22.
Qe3 Nd3 23. Rc6 Qxb2 24. Rd1 Qxa2 25. Rxd3 Bxd3 26. Qxd3 Qa1+ 27. Nf1 a3 28. Nb3 Qb2 29. Rc2 Qb1 30. Nd2 a2 31. Nxb1 axb1=Q 32. Qd2 Ra1 33. Qe2 h6 34. h3 Rb8 35. g4 Qd1 36. Kg2 Qxe2 37.
Rxe2 Rba8 38. Ng3 R8a2 39. Re3 Rb1 40. Rc3 Rbb2 41. Rf3 Ra1 42. Nh5 Re1 43. Rc3 Rxe5 44. Rc8+ Kh7 45. Rc7 Rxh5 46. gxh5 f6 47. Re7 e5 48.
Rd7 d4 49. Kf3 Rb3+ 50. Kg2 Kg8 51. Rd8+ Kf7 52. Rd7+ Kf8 53. Rd8+ Ke7 54. Rg8 Kf7 55. Rd8 Rb7 56. Rd6 Ke7 57. Rd5 Rd7 58. Rc5 Ke6 59. Rc1 Kf5 60. Kf3 Kg5 61. Rg1+ Kxh5 62. Ke4 d3 63. Rd1 d2 64. Ke3 Kh4 0-1

[Event "Early-Titled-Tuesday-Blitz-February-27-2024"]
[Site "Chess.com"]
[Date "2024.02.27"]
[Round "1"]
[White "Licancabur"]
[Black "Kiborg95"]
[Result "0-1"]
[WhiteElo "2455"]
[BlackElo "2811"]
[TimeControl "180+1"]
[EndTime "8:07:22 PST"]
[Termination "Kiborg95 won on time"]

1. d4 d6 2. Nf3 Nf6 3. c4 Nbd7 4. g3 e5 5. Nc3 c6 6. Bg2 e4 7. Nd2 d5 8. O-O Bb4 9. e3 O-O 10. Qb3 Bxc3 11. bxc3 Nb6 12. cxd5 cxd5 13. Ba3 Re8 14. Bc5 Nbd7 15. Bd6 Re6 16. Ba3 b5 17. f3 exf3 18. Nxf3 Rb8 19. Ng5 Nb6 20. Nxe6 Bxe6 21. Bc5 Nc4 22. Bxa7 Rb7 23. Bc5 Nxe3 24. Rfe1 Nxg2 25.
Kxg2 Bf5 26. a4 Be4+ 27. Kg1 Qd7 28. a5 Qh3 29. Qb2 h5 30. a6 Rb8 31. a7 Ra8 32. Ra6 h4 33. Re3 Ng4 34. Re2 hxg3 35. Rb6 gxh2+ 36.
Rxh2 Qg3+ 37. Kf1 Nxh2+ 38. Qxh2 Qxh2 39. Rb8+ Rxb8 40.
axb8=Q+ Qxb8 0-1

[Event "Early-Titled-Tuesday-Blitz-February-27-2024"]
[Site "Chess.com"]
[Date "2024.02.27"]
[Round "1"]
[White "Zheenbekov86"]
[Black "IMRosen"]
[Result "1-0"]
[WhiteElo "2430"]
[BlackElo "2712"]
[TimeControl "180+1"]
[EndTime "8:07:22 PST"]
[Termination "Zheenbekov86 won on time"]

1. Nf3 d5 2. g3 Nf6 3. Bg2 e6 4. O-O Be7 5. d3 O-O 6. Nbd2 b6 7.
e4 dxe4 8. dxe4 Bb7 9. Re1 Nc6 10. a3 Qc8 11. e5 Nd7 12. Qe2 a5 13. b3 Rd8 14. Bb2 Nf8 15. h4 h6 16. h5 Rd7 17.
Ne4 Nh7 18. g4 Qf8 19. Qe3 Rad8 20. g5 hxg5 21. Nexg5 Nxg5 22. Nxg5 Bxg5 23. Qxg5 Qe7 24. Qg3 Kh8 25. Be4 Rg8 26. Qg2 Qc5 27. Rad1 Rdd8 28. Kh2 Ba8 29. Kh1 b5 30. h6 f5 31. exf6 Qh5+ 32. Qh2 Qxh2+ 33. Kxh2 gxf6 34. Bxf6+ Rg7 35.
Rxd8+ Nxd8 36. Bxa8 1-0

[Event "Early-Titled-Tuesday-Blitz-February-27-2024"]
[Site "Chess.com"]
[Date "2024.02.27"]
[Round "1"]
[White "PoXerStar"]
[Black "GMG"]
[Result "0-1"]
[WhiteElo "2396"]
[BlackElo "2700"]
[TimeControl "180+1"]
[EndTime "8:07:22 PST"]
[Termination "GMG won on time"]

1. c4 f5 2. g3 Nf6 3. Bg2 d6 4. d4 g6 5. Nh3 Bg7 6. O-O c6 7. Nc3 O-O 8. d5 e5 9. dxe6 Bxe6 10.
b3 Qe7 11. Ba3 Rd8 12. Qc2 Na6 13. Rad1 Nc5 14. Nf4 Bf7 15. e3 Rd7 16. Nd3 Nce4 17. Nxe4 fxe4 18. Nf4 g5 19. Ne2 Bg6 20. Rd2 Rad8 21.
Rfd1 Ng4 22. Nc3 Nf6 23. Bh3 g4 24. Bg2 Qe5 25. Ne2 Ne8 26. Nf4 Bf5 27. Bb2 Qxb2 28.
Qxb2 Bxb2 29. Rxb2 Kf7 30. Rbd2 Kf6 31. Ne2 Ke5 32. Nc3 Nf6 33. Rd4 c5 34. R4d2 d5 35.
cxd5 Nxd5 36. Nxd5 Rxd5 37. Rxd5+ Rxd5 38. Rxd5+ Kxd5 39. Kf1 c4 40. Ke1 cxb3 41. axb3 Kc5 42. Kd2 Kb4 43. Kc2 b5 44. Bf1 Be6 45. Kb2 Bxb3 46. Bxb5 Kxb5 47. Kxb3 a5 48. Ka3 a4 49.
Ka2 Kb4 50. Kb2 a3+ 51. Ka2 Ka4 0-1